 Dungeon Crawl Stone Soup version 0.30-b1-2-g02819fbbbe (webtiles) character file.

Game seed: 12354432761392488301

4085 suse60 the Spear-Bearer (level 10, -1/83 HPs)
             Began as a Merfolk Gladiator on Dec 6, 2023.
             Was a Believer of Kikubaaqudgha.
             Splashed by a jelly's acid (2 damage)
             ... on level 7 of the Dungeon.
             The game lasted 00:39:39 (6529 turns).

suse60 the Spear-Bearer (Merfolk Gladiator)         Turns: 6529, Time: 00:39:40

Health: -1/83      AC:  4    Str: 19    XL:     10   Next: 25%
Magic:  10/10      EV: 16    Int:  8    God:    Kikubaaqudgha [**....]
Gold:   384        SH:  0    Dex: 15    Spells: 8/9 levels left

rFire   . . .        a - +1 trident
rCold   . . .        (no shield)
rNeg    . . .        l - +0 acid dragon scales
rPois   .            c - +1 helmet
rElec   .            (no cloak)
rCorr   +            (no gloves)
SInv    .            (no boots)
Will    .....        o - amulet of the acrobat
Stlth   +            k - ring of wizardry
HPRegen 0.33/turn    (no ring)
MPRegen 0.12/turn

%: acrobat, wizardry (x1)
@: corroded
A: (nimble swimmer 2), mertail
a: Renounce Religion, Unearth Wretches


You were on level 7 of the Dungeon.
You worshipped Kikubaaqudgha.
Kikubaaqudgha was pleased with you.
You visited 2 branches of the dungeon, and saw 9 of its levels.

You collected 384 gold pieces.

Inventory:

Hand Weapons
 a - a +1 trident (weapon)
 q - a +2 heavy shortbow
Missiles
 v - a curare-tipped dart (quivered)
Armour
 c - a +1 helmet (worn)
 g - a +2 chain mail of fire resistance
 l - +0 acid dragon scales (worn)
Jewellery
 j - a ring of flight
 k - a ring of wizardry (left hand)
 o - an amulet of the acrobat (around neck)
 s - a ring of resist corrosion
 t - a ring of ice
 z - a ring of magical power
Wands
 e - a wand of flame (2)
 f - a wand of polymorph (2)
 n - a wand of iceblast (9)
 x - a wand of mindburst (21)
Potions
 b - a potion of flight
 d - 2 potions of mutation
 h - 4 potions of brilliance
 i - a potion of resistance
 m - a potion of lignification {unknown}
 p - a potion of berserk rage
 r - a potion of haste {unknown}


   Skills:
 + Level 9.2 Fighting
 + Level 11.3 Polearms
 - Level 4.1 Throwing
 - Level 10.0 Dodging
 + Level 3.9 Evocations


You had 8 spell levels left.
You knew the following spells:

 Your Spells              Type           Power      Damage    Failure   Level
a - Necrotise             Necr           0%         1d4       22%         1

Your spell library contained the following spells:

 Spells                   Type           Power      Damage    Failure   Level
 Foxfire                  Conj/Fire      0%         2x1d4     22%         1
 Kiss of Death            Conj/Necr      0%         2d5       22%         1
 Lesser Beckoning         Tloc           0%         N/A       32%         2
 Sublimation of Blood     Necr           0%         N/A       32%         2
 Gell's Gravitas          Tloc           0%         N/A       52%         3
 Inner Flame              Hex/Fire       0%         N/A       52%         3
 Teleport Other           Tloc           0%         N/A       52%         3
 Animate Dead             Necr           0%         N/A       89%         4
 Flame Wave               Conj/Fire      0%         2d4       89%         4
 Petrify                  Tmut/Erth      0%         N/A       89%         4
 Sticky Flame             Conj/Fire      0%         2d3       89%         4
 Alistair's Intoxication  Tmut/Pois      0%         N/A       99%         5
 Borgnjor's Vile Clutch   Necr/Erth      0%         N/A       99%         5
 Fireball                 Conj/Fire      0%         3d3       99%         5
 Metabolic Englaciation   Hex/Ice        0%         N/A       99%         5
 Eringya's Noxious Bog    Tmut/Pois      0%         N/A       100%        6
 Plasma Beam              Fire/Air       0%         2x1d11    100%        6
 Starburst                Conj/Fire      0%         6d3       100%        6
 Statue Form              Tmut/Erth      0%         N/A       100%        6


Dungeon Overview and Level Annotations

Branches:
Dungeon (8/15)             Temple (1/1) D:4            Lair (0/5) D:8

Altars:
Ashenzari
Cheibriados
Fedhas
Gozag
Kikubaaqudgha
Makhleb
Nemelex Xobeh
Qazlal
Sif Muna
Trog
Uskayaw
Vehumet
Wu Jian
Xom
Yredelemnul
Zin
The Shining One

Annotations:
D:3 2 transporters, Discosetron's ghost, amateur BaHu


Innate Abilities, Weirdness & Mutations

((You are very nimble when in or above water. (Stealth+, EV+, Speed+++)))
Your lower body shifts to a powerful aquatic tail in water.


Message History

The bullfrog hits you but does no damage.
Items here: $ ) [ †.
The bullfrog attacks as you move away! The bullfrog completely misses you. x2
You miss the bullfrog. The bullfrog completely misses you.
You barely miss the bullfrog. The bullfrog misses you.
You hit the bullfrog.
The bullfrog is moderately wounded.
The bullfrog hits you but does no damage.
The bullfrog misses you.
You hit the bullfrog but do no damage.
The bullfrog is moderately wounded.
The bullfrog misses you.
You puncture the bullfrog!
The bullfrog is severely wounded.
The bullfrog hits you!
* * * LOW HITPOINT WARNING * * *
You puncture the bullfrog!
You kill the bullfrog!
Kikubaaqudgha accepts your kill.
You hit the jelly.
Your hands burn!
* * * LOW HITPOINT WARNING * * *
The jelly is moderately wounded.
You hit the jelly.
Your hands burn!
* * * LOW HITPOINT WARNING * * *
The jelly is severely wounded.
The jelly hits you.
* * * LOW HITPOINT WARNING * * *
You are splashed with acid.
You resist.
* * * LOW HITPOINT WARNING * * *
You hit the jelly but do no damage.
Your hands burn!
* * * LOW HITPOINT WARNING * * *
The jelly is severely wounded.
The jelly misses you.
You hit the jelly but do no damage.
Your hands burn!
* * * LOW HITPOINT WARNING * * *
You punch the jelly, but do no damage.
The jelly is severely wounded.
You hit the jelly.
Your hands burn!
You die...
Kikubaaqudgha rasps: "You have failed me!
Welcome... death!"

.................#
.###############.#
.# #.# ### #.# ..#
#.# ..# #.# ..#
#.# ..#
#########.# #.#
#......J#@# #.#
#.#####.#J#
#.######.#...#J).#
#..........>.#####
.########..###
....<......#
.##!#####.## .##.#
#.# .##.# #.#


You could see a jelly.

Vanquished Creatures
  Pikel (D:6)
  Maggie (D:6)
  Grinder (D:3)
  Menkaure (D:5)
  A water moccasin (D:8)
  2 sky beasts (D:7)
  2 ice beasts
  4 orc warriors (D:7)
  3 ogres
  A wolf (D:7)
  2 centaurs
  2 phantoms
  A kobold brigand (D:7)
  4 bullfrogs
  5 scorpions
  2 wights (D:7)
  A killer bee (D:7)
  2 howler monkeys
  2 orc priests
  2 gnoll boudas
  2 hounds (D:6)
  4 jellies
  Ijyb (D:3)
  5 iguanas
  2 orc wizards
  3 gnolls (D:6)
  7 adders
  2 white imps (D:5)
  5 worms
  3 dart slugs
  17 orcs
  2 ball pythons
  10 endoplasms
  6 giant cockroaches
  8 goblins
  5 hobgoblins
  5 quokkas
  2 bats
  4 frilled lizards
  2 kobolds
  7 rats
142 creatures vanquished.

Vanquished Creatures (others)
  8 fungi (D:8)
  8 plants (D:8)
16 creatures vanquished.

Grand Total: 158 creatures vanquished

Notes
Turn   | Place    | Note
-------+----------+-------------------------------------------
     0 | D:1      | suse60 the Merfolk Gladiator began the quest for the Orb.
     0 | D:1      | Reached XP level 1. HP: 16/16 MP: 1/1
    84 | D:1      | Reached XP level 2. HP: 23/23 MP: 2/2
   528 | D:1      | Reached XP level 3. HP: 26/28 MP: 3/3
  1641 | D:3      | Reached XP level 4. HP: 35/35 MP: 4/4
  1668 | D:3      | Noticed Grinder
  1717 | D:4      | Reached skill level 5 in Dodging
  1758 | D:4      | Reached skill level 5 in Polearms
  1808 | D:4      | Found an ornate altar of the Wu Jian Council.
  1815 | D:4      | Noticed an ogre
  1829 | D:4      | Killed an ogre
  1830 | D:4      | Reached XP level 5. HP: 42/42 MP: 5/5
  1950 | D:4      | Noticed a phantom
  1958 | D:4      | Found a staircase to the Ecumenical Temple.
  1965 | Temple   | Entered the Ecumenical Temple
  1992 | Temple   | Became a worshipper of Kikubaaqudgha
  2011 | D:4      | Killed a phantom
  2012 | D:4      | Reached XP level 6. HP: 48/48 MP: 6/6
  2312 | D:3      | Paralysed by Grinder for 5 turns
  2322 | D:3      | Paralysed by Grinder for 2 turns
  2325 | D:3      | Killed Grinder
  2326 | D:3      | Reached skill level 6 in Polearms
  2326 | D:3      | Reached XP level 7. HP: 49/55 MP: 7/7
  2481 | D:3      | Noticed Ijyb
  2504 | D:3      | Killed Ijyb
  2505 | D:3      | Reached skill level 5 in Fighting
  2623 | D:3      | Noticed Discosetron's ghost (amateur BaHu)
  2641 | D:3      | Found a transporter.
  2645 | D:3      | Found a transporter.
  2847 | D:5      | Entered Level 5 of the Dungeon
  3033 | D:5      | Reached skill level 7 in Polearms
  3302 | D:5      | Reached * piety under Kikubaaqudgha
  3302 | D:5      | Received a gift from Kikubaaqudgha
  3364 | D:5      | Noticed Menkaure
  3464 | D:5      | Killed Menkaure
  3862 | D:6      | Reached XP level 8. HP: 60/64 MP: 8/8
  4070 | D:6      | Reached skill level 8 in Polearms
  4321 | D:6      | Noticed Pikel
  4342 | D:6      | Killed Pikel
  4343 | D:6      | Reached skill level 9 in Polearms
  4384 | D:6      | Noticed Maggie
  4402 | D:6      | Killed Maggie
  4403 | D:6      | Reached XP level 9. HP: 31/73 MP: 9/9
  4994 | D:6      | Reached skill level 10 in Dodging
  4997 | D:6      | Learned a level 1 spell: Necrotise
  5029 | D:6      | Reached skill level 10 in Polearms
  5177 | D:7      | Reached skill level 1 in Evocations
  5443 | D:7      | Reached ** piety under Kikubaaqudgha
  5888 | D:7      | Reached XP level 10. HP: 70/82 MP: 10/10
  6050 | D:7      | Reached skill level 11 in Polearms
  6527 | D:7      | HP: 3/83 [acid (2)]
  6528 | D:7      | HP: 1/83 [acid (2)]
  6529 | D:7      | Splashed by a jelly's acid

Illustrated notes

Levels and vault maps discovered:
D:1:      dpeg_arrival_central, layout_basic, minmay_surrounded
D:2:      layout_loops_corners, minmay_misc_feat_enclosed
D:3:      wad_pebble_path, layout_rooms, gammafunk_ghost_arena, uniq_grinder,
          uniq_ijyb
D:4:      layout_cave_pools, pdpol_wu_jian_five_deadly_venoms,
          minmay_temple_entry_wispy, minmay_misc_feat_alley
D:5:      layout_loops_ring, uniq_menkaure
D:6:      layout_loops_corners, minmay_strange_pillars, uniq_maggie, uniq_pikel
D:7:      layout_basic, st_stairs_9, minmay_joined_circles
D:8:      minmay_flawed_box, layout_basic, grunt_lair_entry_orc_guard_hut,
          special_room [special_room_orc], nicolae_ossuary_entry_catacombs,
          minmay_crystal_water, nicolae_two_hexagons
Temple:   nicolae_temple_bog_church

Skill      XL: |  1  2  3  4  5  6  7  8  9 10 |
---------------+-------------------------------+-----
Fighting       | 3 4 5 7 8 9 |  9.2
Dodging        | 5 6 7 9 10 | 10.0
Polearms       | 5 6 7 9 10 11 | 11.3
Evocations     | 3 |  3.9
Throwing       | 3 4 |  4.1

Action                     |  1- 3 |  4- 6 |  7- 9 | 10-12 || total
---------------------------+-------+-------+-------+-------++-------
  Melee: Trident           |   102 |    54 |   372 |    90 ||   618
         Punch             |       |     1 |     6 |     1 ||     8
  Throw: Throwing net      |       |     3 |       |       ||     3
         Javelin           |       |     1 |     8 |     3 ||    12
         Dart              |       |       |       |     1 ||     1
  Evoke: Wand              |       |       |     9 |     7 ||    16
    Use: Scroll            |     6 |     5 |     6 |     3 ||    20
         Potion            |       |     2 |     4 |       ||     6
   Stab: Held in net/web   |       |     2 |       |       ||     2
 Armour: Ring mail         |    13 |     9 |       |       ||    22
         Leather armour    |     1 |       |       |       ||     1
         Chain mail        |       |       |    69 |       ||    69
         Acid dragon scale |       |       |    16 |    17 ||    33
  Dodge: Dodged            |    35 |    15 |   152 |    75 ||   277
